 Dungeon Crawl Stone Soup version 0.23.2 (webtiles) character file.

Game seed: 10284790196493433781

209 Borgoz the Sneak (level 5, -7/41 HPs)
             Began as a Ghoul Enchanter on Apr 4, 2019.
             Was an Initiate of Ashenzari.
             Mangled by a gnoll
             ... wielding a +0 halberd
              (10 damage)
             ... on level 4 of the Dungeon.
             The game lasted 00:06:26 (2834 turns).

Borgoz the Sneak (Ghoul Enchanter)                  Turns: 2834, Time: 00:06:27

Health: -7/41      AC:  8    Str: 12    XL:     5   Next: 87%
Magic:  6/6        EV: 12    Int: 10    God:    Ashenzari [......]
Gold:   185        SH:  0    Dex: 10    Spells: 4/7 levels left

rFire    . . .     SeeInvis .   j - +4 short sword
rCold    + . .     Gourm    .   (no shield)
rNeg     + + +     Faith    .   c - +3 leather armour
rPois    ∞         Spirit   .   f - +0 helmet
rElec    .         Reflect  .   (no cloak)
rCorr    .         Harm     .   k - +0 pair of gloves
MR       .....                  (no boots)
Stlth    ++........             (no amulet)
HPRegen  0.00/turn              (no ring)
MPRegen  0.10/turn              (no ring)

@: rotting, invisible
A: rotting body, claws 1, carnivore, cold resistance 1, negative energy
resistance 3, inhibited regeneration, torment resistance, unbreathing
a: Curse Item, Renounce Religion


You were on level 4 of the Dungeon.
You worshipped Ashenzari.
Ashenzari was noncommittal.
You were not hungry.

You visited 1 branch of the dungeon, and saw 4 of its levels.

You collected 185 gold pieces.

Inventory:

Hand Weapons
 j - a +4 short sword (weapon)
Armour
 c - a +3 leather armour (worn)
 f - a +0 helmet (worn)
 k - a +0 pair of gloves (worn)
Jewellery
 o - an uncursed amulet of faith
Wands
 n - a wand of iceblast (8)
Scrolls
 e - 2 scrolls of identify {unknown}
 g - 2 scrolls of enchant weapon {unknown}
 h - 2 scrolls of random uselessness {unknown}
 i - a scroll of fear {unknown}
 l - a scroll of magic mapping {unknown}
 m - a scroll of amnesia {unknown}
 p - 2 scrolls of teleportation {unknown}
Potions
 q - a potion of degeneration {unknown}
Comestibles
 d - 2 rations


   Skills:
 + Level 1.7 Fighting
 * Level 2.6 Short Blades
 * Level 2.0 Armour
 * Level 3.0 Dodging
 + Level 3.7 Stealth
 - Level 1.7 Spellcasting
 - Level 2.4 Hexes
 + Level 1.1 Ice Magic


You had 4 spell levels left.
You knew the following spells:

 Your Spells              Type           Power        Failure   Level  Hunger
a - Corona                Hex            #......      16%         1    ##.....
b - Ensorcelled Hibernat  Hex/Ice        #.....       30%         2    ###....

Your spell library contained the following spells:

 Spells                   Type           Power        Failure   Level  Hunger
 Confuse                  Hex            #.......     41%         3    ####...
 Tukima's Dance           Hex            #.......     41%         3    ####...
 Dazzling Spray           Conj/Hex       #.....       58%         3    ####...


Dungeon Overview and Level Annotations

Branches:
Dungeon (4/15)
 Temple: D:4-7

Altars:
Ashenzari


Innate Abilities, Weirdness & Mutations

Your body is rotting away.
You thrive on raw meat.
You are immune to poison.
You have sharp fingernails.
You are carnivorous and can eat meat at any time.
Your flesh is cold resistant. (rC+)
You are immune to negative energy. (rN+++)
You do not regenerate when monsters are visible.
You are immune to unholy pain and torment.
You can survive without breathing.


Message History

The jackal bites you but does no damage.
The gnoll misses you.
You closely miss the jackal.
The jackal is severely wounded.
The jackal bites you but does no damage.
The gnoll hits you but does no damage. The jackal barely misses you.
You barely miss the jackal.
The jackal is severely wounded.
The jackal misses you. The gnoll barely misses you.
You hit the jackal.
You kill the jackal!
The gnoll hits you with a +0 halberd!
* * * LOW HITPOINT WARNING * * *
Things that are here:
a +0 spear; a gnoll corpse
Okay, then.
It was a potion of invisibility.
You fade into invisibility!
The gnoll hits you with a +0 halberd!
You die...

<...................#
##########..........#
#.....#........#
...###..........# .
##.####....##
......#.##..###
###.....†.......
######.###.### #@#
#g# #g# #.. #.. #...
#... .....


You could see 2 gnolls.

Vanquished Creatures
  Jessica (D:3)
  Robin (D:2)
  2 gnolls
  3 adders (D:3)
  2 oozes (D:2)
  An adder skeleton (D:4)
  A worm (D:2)
  2 dart slugs
  2 leopard geckos
  5 orcs
  A giant cockroach (D:3)
  15 goblins
  9 hobgoblins
  21 jackals
  A quokka (D:4)
  A ball python (D:1)
  10 bats
  9 kobolds
  9 rats
96 creatures vanquished.

Notes
Turn   | Place    | Note
-------+----------+-------------------------------------------
     0 | D:1      | Borgoz the Ghoul Enchanter began the quest for the Orb.
     0 | D:1      | Reached XP level 1. HP: 14/14 MP: 2/2
     1 | D:1      | Noticed an electric eel
    75 | D:1      | Reached skill level 1 in Short Blades
   162 | D:1      | Reached XP level 2. HP: 6/22 MP: 3/3
   467 | D:1      | Found a shattered altar of Ashenzari.
   480 | D:1      | Reached skill level 1 in Armour
   480 | D:1      | Reached XP level 3. HP: 12/27 MP: 4/4
   494 | D:1      | Became a worshipper of Ashenzari the Shackled
   864 | D:2      | Reached skill level 1 in Fighting
   992 | D:2      | Learned a level 2 spell: Ensorcelled Hibernation
  1013 | D:2      | Reached XP level 4. HP: 32/35 MP: 5/5
  1196 | D:2      | Noticed Robin
  1565 | D:2      | Killed Robin
  2141 | D:3      | Noticed Jessica
  2145 | D:3      | Killed Jessica
  2145 | D:3      | Reached XP level 5. HP: 40/40 MP: 6/6
  2357 | D:3      | Reached skill level 1 in Ice Magic
  2834 | D:4      | Mangled by a gnoll

Skill      XL: |  1  2  3  4  5 |
---------------+----------------+-----
Short Blades   | 1 2 |  2.6
Dodging        | 2 3 |  3.0
Armour         | 1 2 |  2.0
Fighting       | 1 |  1.7
Ice Magic      | 1 |  1.1
Stealth        | |  3.7
Spellcasting   | |  1.7
Hexes          | |  2.4

Action                   |  1- 3 |  4- 6 || total
-------------------------+-------+-------++-------
Melee: Dagger            |   195 |   173 ||   368
       Short sword       |       |    88 ||    88
  Use: Potion            |     1 |     3 ||     4
       Scroll            |     1 |       ||     1
 Stab: Sleeping          |     4 |     5 ||     9
  Eat: Chunk             |     8 |     7 ||    15
Armor: Leather armour    |    73 |    98 ||   171
Dodge: Dodged            |   139 |   204 ||   343
